AoeStats
← SIVey

Socotra

506225593Analyzed
3v3 RM · 18d ago on Sep 12, 2026· 30m 46s· 6 players
Game mode
Random Map
Map size
128×128
Population
200
Speed
Normal
Resources
Standard
Victory
Conquest
Starting age
Dark Age
Ending age
Imperial Age
RankedLock teamsTeams togetherTeam positionsShared explorationLock speedFull tech treeHidden civsTurbo modeCheats
Victory
Defeat
🇳🇴 Mongols · Norway
706
+13
🇳🇴 Vietnamese · Norway
683
+14
🇳🇴 Burgundians · Norway
681
+14
🇹🇯 Persians · Tajikistan
689
-15
🇫🇷 Franks · France
625
-13
🇷🇴 Turks · Romania
610
-13
Nashushamen
Zerfer
1:26 Loom
13:42 Feudal Age
15:36 Horse Collar
17:37 Man-at-Arms
19:27 Double-Bit Axe
22:18 Wheelbarrow
21:56 Town Watch
DJ RaveN
0:33 Loom
Loomy
15:45 Feudal Age
16:11 Horse Collar
16:20 Double-Bit Axe
18:10 Gold Mining
19:33 Man-at-Arms
20:19 Padded Archer Armor
22:00 Fletching
28:59 Castle Age
29:46 Thumb Ring
30:29 Bodkin Arrow
31:02 Leather Archer Armor
Aurelius
10:29 Feudal Age
11:21 Man-at-Arms
12:29 Arson
15:57 Double-Bit Axe
19:13 Forging
19:04 Scale Mail Armor
21:37 Horse Collar
SIVey
12:35 Feudal Age
11:45 Double-Bit Axe
11:46 Horse Collar
13:44 Bow Saw
14:28 Heavy Plow
17:23 Wheelbarrow
18:05 Forging
18:11 Scale Mail Armor
18:27 Arson
20:42 Man-at-Arms
25:20 Hand Cart
32:04 Castle Age
30:10 Gold Mining
Connection lost

Rejoining the realm…

Still unreachable

The connection could not be restored.

Session expired

The server has moved on; the page needs a fresh start.